 Dungeon Crawl Stone Soup version 0.23.2-1-ga50397a (webtiles) character file.

Game seed: 10118964248535515841

410 Lauz the Slasher (level 6, -6/63 HPs)
             Began as a Minotaur Fighter on May 1, 2019.
             Killed from afar by Ijyb (12 damage)
             ... with a wand of acid (5)
             ... on level 3 of the Dungeon.
             The game lasted 00:04:13 (2229 turns).

Lauz the Slasher (Minotaur Fighter)                 Turns: 2229, Time: 00:04:13

Health: -6/63      AC:  7    Str: 19 (22) XL:     6   Next: 58%
Magic:  5/5        EV:  7    Int:  4 (5)  God:
Gold:   81         SH:  0    Dex:  9 (10) Spells: 5/5 levels left

rFire    . . .     SeeInvis .   a - +0 long sword
rCold    . . .     Gourm    .   c - +0 shield
rNeg     . . .     Faith    .   b - +0 scale mail
rPois    .         Spirit   .   (helmet restricted)
rElec    .         Reflect  .   (no cloak)
rCorr    .         Harm     .   (no gloves)
MR       .....                  (no boots)
Stlth    ..........             (no amulet)
HPRegen  0.20/turn              (no ring)
MPRegen  0.09/turn              (no ring)

@: confused, lethally poisoned (-6 -> -17)
A: retaliatory headbutt, horns 2, robust 2
a: no special abilities


You were on level 3 of the Dungeon.
You were hungry.

You visited 1 branch of the dungeon, and saw 3 of its levels.

You collected 81 gold pieces.

Inventory:

Hand Weapons
 a - a +0 long sword (weapon)
Armour
 b - a +0 scale mail (worn)
 c - a +0 shield (worn)
Jewellery
 j - an uncursed amulet of harm {unknown}
Scrolls
 e - 3 scrolls of identify {unknown}
 g - a scroll of enchant armour {unknown}
 k - a scroll of fear {unknown}
 l - a scroll of magic mapping {unknown}
 m - a scroll of enchant weapon {unknown}
 p - a scroll of amnesia {unknown}
 s - a scroll of noise {unknown}
Potions
 d - a potion of might
 n - a potion of agility {unknown}
 o - 2 potions of resistance
 q - a potion of heal wounds {unknown}
 r - a potion of degeneration
Comestibles
 f - 7 rations
 t - 2 chunks of flesh


   Skills:
 + Level 4.4 Fighting
 * Level 6.5 Long Blades
 + Level 4.7 Armour
 + Level 0.6 Dodging
 + Level 5.0 Shields


You had 5 spell levels left.
You didn't know any spells.
Your spell library was empty.

Dungeon Overview and Level Annotations

Branches:
Dungeon (3/15)

Altars:
The Shining One

Annotations:
D:3 Ijyb


Innate Abilities, Weirdness & Mutations

You reflexively headbutt those who attack you in melee.
You have a pair of horns on your head.
You are very robust. (+20% HP)


Message History

Ijyb is moderately wounded.
Ijyb screams, "Die!"
You block Ijyb's attack.
It was a potion of mutation.
You feel extremely strange.
You feel robust. x2
You feel sick.
Ijyb hits you with a +0 dagger of venom.
* * * LOW HITPOINT WARNING * * *
You are more poisoned.
It was a potion of degeneration.
There was something very wrong with that liquid.
You feel weakened.
You feel dopey.
You feel clumsy.
* * * LOW HITPOINT WARNING * * *
You feel sick. You block Ijyb's attack.
It was a potion of ambrosia.
You are confused.
You feel invigorated.
* * * LOW HITPOINT WARNING * * *
You feel sick.
Ijyb zaps a wand.
The bolt of acid hits you!
You die...

#..........#
######.####
#†#### ######
#....# #....#
#####.# #....#
#.g...#
####....###.#####
#..g))......#
#....#@)(.#####
..... #....# ###.
###### #


You could see Ijyb.

Vanquished Creatures
  A sky beast (D:2)
  An ogre (D:2)
  4 orc priests
  5 adders
  2 leopard geckos (D:1)
  5 orcs
  3 giant cockroaches
  15 goblins
  8 hobgoblins
  2 quokkas
  5 bats
  2 frilled lizards (D:1)
  8 kobolds
  6 rats
67 creatures vanquished.

Notes
Turn   | Place    | Note
-------+----------+-------------------------------------------
     0 | D:1      | Lauz the Minotaur Fighter began the quest for the Orb.
     0 | D:1      | Reached XP level 1. HP: 19/19 MP: 0/0
   232 | D:1      | Reached XP level 2. HP: 27/27 MP: 1/1
   395 | D:1      | Reached skill level 3 in Long Blades
   464 | D:1      | Reached XP level 3. HP: 33/33 MP: 2/2
   942 | D:2      | Found a glowing golden altar of the Shining One.
  1021 | D:2      | Reached XP level 4. HP: 37/40 MP: 3/3
  1044 | D:2      | Noticed an ogre
  1050 | D:2      | Killed an ogre
  1050 | D:2      | Reached skill level 4 in Long Blades
  1050 | D:2      | Reached XP level 5. HP: 24/46 MP: 4/4
  1295 | D:1      | Reached skill level 5 in Long Blades
  2037 | D:3      | Reached XP level 6. HP: 53/53 MP: 5/5
  2067 | D:3      | Reached skill level 6 in Long Blades
  2099 | D:3      | Noticed Ijyb
  2099 | D:3      | Noticed a sky beast
  2148 | D:2      | Killed a sky beast
  2148 | D:2      | Reached skill level 5 in Shields
  2227 | D:3      | Gained mutation: You are robust. (+10% HP) [potion of
                  | mutation]
  2227 | D:3      | Gained mutation: You are very robust. (+20% HP) [potion of
                  | mutation]
  2228 | D:3      | HP: 2/63 [poisoned by Ijyb]
  2229 | D:3      | Killed from afar by Ijyb

Skill      XL: |  1  2  3  4  5  6 |
---------------+-------------------+-----
Armour         | 4 |  4.7
Shields        | 4 5 |  5.0
Long Blades    | 3 4 5 6 |  6.5
Fighting       | 4 |  4.4
Dodging        | |  0.6

Action                   |  1- 3 |  4- 6 || total
-------------------------+-------+-------++-------
Melee: Long sword        |    97 |    84 ||   181
       Headbutt          |    11 |    10 ||    21
  Use: Potion            |       |     3 ||     3
  Eat: Chunk             |       |     4 ||     4
Armor: Scale mail        |    40 |    25 ||    65
Dodge: Dodged            |    26 |    19 ||    45
Block: Shield            |    50 |    58 ||   108
       Rpst.: Long sword |     9 |     8 ||    17
